 Dungeon Crawl Stone Soup version 0.31-a0-204-g7da18cac08 (webtiles) character file.

Game seed: 9727238274384742310

39 qw the Shooter (level 3, -1/20 HPs)
             Began as a Deep Elf Hunter on June 27, 2023.
             Slain by a gnoll bouda
             ... wielding a +0 whip
              (8 damage)
             ... on level 4 of the Dungeon.
             The game lasted 00:00:17 (1077 turns).

qw the Shooter (Deep Elf Hunter)                    Turns: 1077, Time: 00:00:17

Health: -1/20      AC:  6    Str: 10    XL:     3   Next: 26%
Magic:  5/5        EV:  9    Int: 13    God:
Gold:   14         SH:  0    Dex: 18    Spells: 2/2 levels left

rFire   . . .        Y - +0 shortbow
rCold   . . .        (shield currently unavailable)
rNeg    . . .        f - +0 scale mail
rPois   .            (no helmet)
rElec   .            (no cloak)
rCorr   .            (no gloves)
SInv    .            (no boots)
Will    .....        (no amulet)
Stlth   +            (no ring)
HPRegen 0.23/turn    (no ring)
MPRegen 0.09/turn

%: no passive effects
@: no status effects
A: no striking features
a: no special abilities


You were on level 4 of the Dungeon.
You visited 1 branch of the dungeon, and saw 3 of its levels.

You collected 14 gold pieces.


   Skills:
 - Level 1.5 Fighting
 + Level 6.8 Ranged Weapons
 - Level 2.4 Dodging
 - Level 1.2 Stealth


You had 2 spell levels left.
You didn't know any spells.
Your spell library was empty.

Inventory:

Hand Weapons
 Y - a +0 shortbow (weapon)
Armour
 f - a +0 scale mail (worn)
Jewellery
 c - a ring of protection from cold
 d - a +5 ring of evasion
Scrolls
 a - 2 scrolls of identify
Potions
 b - a potion of might {unknown}
 e - a potion of heal wounds {unknown}

Dungeon Overview and Level Annotations

Branches:
Dungeon (2/15)

Altars:


Message History

The gnoll bouda barks out a call to the hunt!
The gnoll picks up the pace!
The gnoll moves out of view.
You shoot an arrow. The arrow hits the gnoll.
The gnoll is moderately wounded.
You hear a shout!
A gnoll comes into view. It is wielding a +0 whip. x2
The gnoll shouts!
A gnoll comes into view. It is wielding a +0 spear.
You shoot an arrow.
The arrow hits the gnoll but does no damage.
The gnoll is moderately wounded.
The gnoll closely misses you. The gnoll hits you with a +0 club.
The gnoll moves out of view.
1070 ||| Stepping ~*~*~tactically~*~*~ (outnumbered).
The gnoll hits you with a +0 whip.
You shoot an arrow. The arrow hits the gnoll!
The gnoll is severely wounded.
The gnoll hits you with a +0 whip.
You shoot an arrow.
The arrow hits the gnoll but does no damage.
The gnoll is severely wounded.
The gnoll hits you but does no damage.
You shoot an arrow. The arrow hits the gnoll.
You kill the gnoll!
The gnoll closely misses you.
You shoot an arrow. The arrow hits the gnoll!
The gnoll is heavily wounded.
The gnoll bouda calls upon its god to heal the gnoll.
The gnoll is healed somewhat.
The gnoll hits you with a +0 whip.
You shoot an arrow. The arrow barely misses the gnoll.
The arrow hits the gnoll bouda but does no damage.
The gnoll hits you with a +0 whip. The gnoll closely misses you.
You shoot an arrow. The arrow barely misses the gnoll.
The arrow hits the gnoll bouda.
The gnoll bouda is lightly wounded.
You shoot an arrow. The arrow hits the gnoll bouda!
The gnoll bouda is heavily wounded.
The gnoll bouda hits you with a +0 whip!
You die...

###... .... # .... .#
... .. ..###.#
###.###..#.##
..gg..gg..#.. #g# #.#
#@# #.#
#.####.###.#######.
#..............%...
#<......#####.#######.
#######.# #.# #.#
#.#######.# #.#
#.........# #.#
#########... #.#


You could see a gnoll bouda and 2 gnolls.

Vanquished Creatures
  An adder (D:4)
  A gnoll (D:4)
  2 bats (D:1)
  2 endoplasms (D:1)
  A goblin (D:1)
  3 hobgoblins (D:1)
  3 kobolds
  A quokka (D:1)
  2 ball pythons (D:1)
  3 frilled lizards
  A rat (D:1)
20 creatures vanquished.

Vanquished Creatures (others)
  A demonspawn (D:1)
  3 draconians (D:1)
  2 elves (D:1)
  A troll (D:1)
  A merfolk (D:1)
  A formicid (D:1)
  An ogre (D:1)
  2 felids (D:1)
  2 orcs (D:1)
  A kobold (D:1)
  8 tentacles (D:1)
23 creatures vanquished.

Grand Total: 43 creatures vanquished

Notes
Turn   | Place    | Note
-------+----------+-------------------------------------------
     0 | D:1      | qw the Deep Elf Hunter began the quest for the Orb.
     0 | D:1      | Reached XP level 1. HP: 12/12 MP: 3/3
     0 | D:1      | 0 ||| qw: Version: 0.3-a-22-g0ed2b0b
     0 | D:1      | 0 ||| qw: Game counter: 6611
     0 | D:1      | 0 ||| qw: Melee chars always use a shield: true
     0 | D:1      | 0 ||| qw: God list: Okawaru
     0 | D:1      | 0 ||| qw: Allow faded altars: false
     0 | D:1      | 0 ||| qw: Do Orc after clearing Dungeon:15 true
     0 | D:1      | 0 ||| qw: Do second Lair branch before Depths: true
     0 | D:1      | 0 ||| qw: Lair rune preference: random
     0 | D:1      | 0 ||| qw: Goals: Normal
     0 | D:1      | 0 ||| PLANNING D:1-11
     2 | D:1      | Noticed a draconian
     2 | D:1      | Noticed a draconian
     2 | D:1      | Noticed a merfolk
     2 | D:1      | Noticed a formicid
     2 | D:1      | Noticed a troll
     2 | D:1      | Noticed a felid
     2 | D:1      | Noticed a kraken
     2 | D:1      | Noticed an elf
     2 | D:1      | Noticed a demonspawn
     2 | D:1      | Noticed an elf
     2 | D:1      | Noticed a felid
     2 | D:1      | Noticed a draconian
     2 | D:1      | Noticed an ogre
     3 | D:1      | Killed an elf
     6 | D:1      | Killed a felid
     7 | D:1      | Killed a merfolk
     8 | D:1      | Killed a felid
     8 | D:1      | Killed a demonspawn
    10 | D:1      | Killed a draconian
    10 | D:1      | Killed a draconian
    11 | D:1      | Killed an elf
    15 | D:1      | Killed a troll
    18 | D:1      | Killed a draconian
    18 | D:1      | Killed a formicid
    20 | D:1      | Killed an ogre
   200 | D:1      | Reached skill level 6 in Ranged Weapons
   200 | D:1      | Reached XP level 2. HP: 15/16 MP: 4/4
   248 | D:1      | Found a faded altar of an unknown god.
   813 | D:1      | 813 ||| UPGRADING to +0 scale mail.
   823 | D:1      | 823 ||| DROPPING +0 leather armour.
   824 | D:1      | 824 ||| DROPPING +2 robe of positive energy.
   825 | D:1      | 825 ||| READING scroll labelled HECRIMYARU.
   826 | D:1      | 826 ||| READING scroll labelled DECKUE YRAPTA.
   827 | D:1      | 827 ||| DROPPING scroll of butterflies.
  1045 | D:2      | You fall into a shaft and drop 2 floors!
  1054 | D:4      | 1054 ||| PLANNING OSSUARY
  1056 | D:4      | Reached XP level 3. HP: 20/20 MP: 5/5
  1070 | D:4      | 1070 ||| Stepping ~*~*~tactically~*~*~ (outnumbered).
  1077 | D:4      | Slain by a gnoll bouda

Levels and vault maps discovered:
D:1:      nicolae_arrival_kraken_aquarium_b, layout_basic,
          shapermc_ecumenical_altar_gd, nicolae_figureground_sparkle
D:2:      layout_basic, serial_co_window_serial, co_window_paths_a,
          co_window_paths_a, co_window_corner_a, co_window_corner_a,
          co_window_of_opportunity_a, co_window_paths_a, co_window_paths_b,
          co_window_unsneaky_path_a, co_window_broadway_a, co_window_cross_3,
          co_window_4corner_b, glass_columns_a, glass_columns_a, minivault_27
D:4:      minmay_inner_zag, layout_loops_ring, ashenzari_conservatory_becter,
          mainiacjoe_overflow_concentric_impassable, temple_doors_e,
          nicolae_ossuary_entry_monument, uniq_menkaure, uniq_robin,
          uniq_sigmund, uniq_duvessa

Skill      XL: |  1 |
---------------+----+-----
Ranged Weapons | 6 |  6.8
Fighting       | |  1.5
Dodging        | |  2.4
Stealth        | |  1.2

Action                     || total
---------------------------++-------
   Fire: Shortbow          ||    58
    Use: Scroll            ||     2
 Armour: Leather armour    ||     5
         Scale mail        ||     1
  Dodge: Dodged            ||    15

Table legend:
 A = Non-vault XP
 B = Vault XP
 C = Vault XP percentage of total XP
 D = Non-vault monster count
 E = Vault monster count
 F = Vault count percentage of total count
                 A         B        C        D         E       F
            +---------+---------+-------+---------+---------+-------
      Total |      56 |       0 |   0.0 |      20 |       0 |   0.0
            +---------+---------+-------+---------+---------+-------
        D:1 |      27 |       0 |   0.0 |      16 |       0 |   0.0
        D:2 |       3 |       0 |   0.0 |       2 |       0 |   0.0
        D:4 |      26 |       0 |   0.0 |       2 |       0 |   0.0
            +---------+---------+-------+---------+---------+-------
